 Dungeon Crawl Stone Soup version 0.30-a0-715-gdb4ae3ece1 (webtiles) character file.

Game seed: 2504814050031984404

613 ASSMAN the Ruffian (level 7, -1/52 HPs)
             Began as a Demonspawn Cinder Acolyte on Jan 25, 2023.
             Was a High Priest of Ignis.
             Slain by a gnoll
             ... wielding a +0 club
              (2 damage)
             ... on level 4 of the Dungeon.
             The game lasted 00:06:56 (4300 turns).

ASSMAN the Ruffian (Demonspawn Cinder Acolyte)      Turns: 4300, Time: 00:06:57

Health: -1/52      AC:  3    Str: 23    XL:     7   Next: 20%
Magic:  8/8        EV: 11    Int: 15    God:    Ignis [*****.]
Gold:   110        SH:  5    Dex:  8    Spells: 8/8 levels left

rFire   + . .      SeeInvis .      - Unarmed
rCold   + . .      Faith    .    (no shield)
rNeg    . . .      Spirit   .    n - +0 leather armour
rPois   .          Reflect  +    (helmet restricted)
rElec   .          Harm     .    (no cloak)
rCorr   .          Rampage  .    (no gloves)
Will    .....                    (no boots)
Stlth   +                        j - amulet of reflection
HPRegen 0.28/turn                g - ring of protection from cold
MPRegen 0.11/turn                h - +6 ring of strength

@: no status effects
A: horns 1, foul stench 1, demonic touch 2
a: Renounce Religion, Fiery Armour, Foxfire Swarm, Rising Flame


You were on level 4 of the Dungeon.
You worshipped Ignis.
Ignis was extremely pleased with you.
You visited 1 branch of the dungeon, and saw 5 of its levels.

You collected 210 gold pieces.
You spent 100 gold pieces at shops.

Inventory:

Armour
 n - a +0 leather armour (worn)
Jewellery
 g - a ring of protection from cold (left hand)
 h - a +6 ring of strength (right hand)
 j - an amulet of reflection (around neck)
 m - a ring of flight
Wands
 e - a wand of acid (5)
Scrolls
 b - a scroll of magic mapping {unknown}
 c - 2 scrolls of vulnerability {unknown}
 d - 5 scrolls of identify {unknown}
 f - a scroll of immolation {unknown}
 i - a scroll of teleportation {unknown}
 k - 2 scrolls of blinking {unknown}
 l - a scroll of fear {unknown}
 s - a scroll of amnesia {unknown}
 t - a scroll of poison {unknown}
 u - a scroll of brand weapon {unknown}
Potions
 a - a potion of brilliance
 o - a potion of flight {unknown}
 p - a potion of heal wounds {unknown}
 q - a potion of degeneration {unknown}
 r - a potion of magic {unknown}


   Skills:
 - Level 3.0 Fighting
 + Level 7.7 Unarmed Combat
 - Level 1.0 Spellcasting
 - Level 2.6 Fire Magic


You had 8 spell levels left.
You didn't know any spells.
Your spell library contained the following spells:

 Spells                   Type           Power      Damage    Failure   Level
 Scorch                   Fire           16%        2d6       14%         2
 Cigotuvi's Dreadful Rot  Necr/Pois/Air  0%         N/A       38%         2
 Poisonous Vapours        Pois/Air       0%         N/A       38%         2
 Mephitic Cloud           Conj/Pois/Air  0%         N/A       63%         3
 Flame Wave               Conj/Fire      4%         2d5       85%         4
 Cause Fear               Hex            0%         N/A       95%         4
 Summon Cactus Giant      Summ           0%         N/A       100%        6
 Dragon Form              Tmut           0%         N/A       100%        7
 Dragon's Call            Summ           0%         N/A       100%        9


Dungeon Overview and Level Annotations

Branches:
Dungeon (5/15)
 Temple: D:4-7

Altars:
Qazlal
Ru
Yredelemnul

Shops:
D:3 *

Annotations:
D:5 Ijyb


Innate Abilities, Weirdness & Mutations

You have a pair of small horns on your head.
You may rarely emit foul miasma when damaged in melee.
Your touch may inflict irresistible damage on your foes.


Message History

You hit the gnoll.
You kill the gnoll!
The gnoll hits you from afar with a +0 spear.
You block the gnoll's attack.
You closely miss the iguana. The iguana bites you.
The gnoll hits you from afar with a +0 spear.
The gnoll hits you with a +0 club!
You closely miss the iguana. Your headbutt misses the iguana.
You barely miss the iguana. Your headbutt misses the iguana.
The gnoll hits you from afar with a +0 spear.
The iguana bites you!
You emit a cloud of foul miasma!
The gnoll hits you with a +0 club. The iguana attacks as you move away!
You block the iguana's attack.
The iguana is engulfed in dark miasma.
The iguana is poisoned.
The iguana seems to slow down.
The iguana is no longer moving slowly.
The gnoll attacks as you move away! You block the gnoll's attack.
The gnoll attacks as you move away! The gnoll hits you with a +0 club.
* * * LOW HITPOINT WARNING * * *
The gnoll attacks as you move away! The gnoll hits you with a +0 club.
* * * LOW HITPOINT WARNING * * *
The gnoll attacks as you move away! The gnoll barely misses you.
Ijyb screams, "Level is mine!
All mine!"
There is a stone staircase leading up here.
The gnoll closely misses you.
You climb upwards.
There is a stone staircase leading down here.
You punch the gnoll! You headbutt the gnoll.
The gnoll is severely wounded.
The gnoll hits you with a +0 club!
* * * LOW HITPOINT WARNING * * *
You barely miss the gnoll. Your touch misses the gnoll.
The gnoll is severely wounded.
The gnoll hits you with a +0 club.
* * * LOW HITPOINT WARNING * * *
Okay, then.
You completely miss the gnoll.
The gnoll is severely wounded.
The gnoll hits you with a +0 club.
You die...

........).#'####..#..........#..#
..........#........#+###'#####..#
..........'##..##..##....#.......
..........##........#)...#......#
...########..............##.....#
...#.....#...............##....##
...#.....#.#.......(#..........#.
...#...^.'.#....g...#....##....#.
####.....##.....@........##....##
..##.....##..............##.....#
...#.......#.....)..#............
####.......##..##..##...........#
...#.....##...#)).##...####.#####
...#.....#######).##...#.........
...#.....##...##..##...#.........
...'...........#.......#.........
..)#.....†....g'.......#.........


You could see a gnoll.

Vanquished Creatures
  An ogre (D:4)
  2 scorpions (D:4)
  A jelly (D:4)
  An iguana (D:4)
  Natasha (twice) (D:3)
  3 orc wizards
  Robin (D:3)
  5 adders
  5 gnolls
  2 dart slugs
  17 orcs
  8 ball pythons
  8 endoplasms
  3 giant cockroaches
  11 goblins
  8 hobgoblins
  2 jackals (D:1)
  4 kobolds
  5 quokkas
  5 bats
  6 frilled lizards
  A rat (D:2)
101 creatures vanquished.

Notes
Turn   | Place    | Note
-------+----------+-------------------------------------------
     0 | D:1      | ASSMAN the Demonspawn Cinder Acolyte began the quest for
                  | the Orb.
     0 | D:1      | Reached XP level 1. HP: 18/18 MP: 2/2
   117 | D:1      | Reached skill level 3 in Unarmed Combat
   180 | D:1      | Discovered your monstrous ancestry.
   180 | D:1      | Gained mutation: Your touch may inflict minor irresistible
                  | damage on your foes. [demonic ancestry]
   180 | D:1      | Reached XP level 2. HP: 21/24 MP: 3/3
  1076 | D:1      | Gained mutation: Your touch may inflict irresistible damage
                  | on your foes. [demonic ancestry]
  1076 | D:1      | Reached XP level 3. HP: 29/29 MP: 4/4
  1133 | D:2      | Reached skill level 4 in Unarmed Combat
  1548 | D:3      | Found Ruajis's Assorted Antiques.
  1613 | D:3      | Bought a dark potion for 25 gold pieces
  1613 | D:3      | Bought a murky blue potion for 25 gold pieces
  1613 | D:3      | Bought a coppery potion for 25 gold pieces
  1613 | D:3      | Bought a black potion for 25 gold pieces
  1660 | D:3      | Identified the -1 helmet of Honour {Dex+4}
  1660 | D:3      | Noticed Robin
  1695 | D:3      | Killed Robin
  1696 | D:3      | Reached XP level 4. HP: 5/35 MP: 5/5
  1974 | D:3      | Reached skill level 5 in Unarmed Combat
  2318 | D:3      | Noticed Natasha
  2329 | D:3      | Killed Natasha
  2330 | D:3      | Reached XP level 5. HP: 34/41 MP: 6/6
  2655 | D:3      | Noticed Natasha
  2662 | D:3      | Killed Natasha
  2973 | D:4      | Reached skill level 6 in Unarmed Combat
  3041 | D:4      | Gained mutation: You have a pair of small horns on your
                  | head. [demonic ancestry]
  3041 | D:4      | Reached XP level 6. HP: 46/47 MP: 7/7
  3163 | D:4      | Found a stormy altar of Qazlal.
  3166 | D:4      | Found a basalt altar of Yredelemnul.
  3376 | D:4      | Found a sacrificial altar of Ru.
  3389 | D:4      | Reached skill level 7 in Unarmed Combat
  3684 | D:4      | Gained mutation: You may rarely emit foul miasma when
                  | damaged in melee. [demonic ancestry]
  3684 | D:4      | Reached XP level 7. HP: 48/52 MP: 8/8
  4215 | D:5      | Entered Level 5 of the Dungeon
  4276 | D:5      | Noticed Ijyb
  4299 | D:4      | HP: 1/52 [gnoll/+0 club (4)]
  4300 | D:4      | Slain by a gnoll

Illustrated notes

Levels and vault maps discovered:
D:1:      spicycebolla_green_bress_n_ham_2, layout_basic,
          minmay_splitting_lines, minmay_tree_intersection,
          chequers_serial_rivers_micro_c
D:2:      layout_rooms
D:3:      layout_loops_cross, mainiacjoe_overflow_small_starburst, serial_shops,
          shop, uniq_natasha, uniq_robin
D:4:      layout_gridville, nicolae_overflow_hidden_temple,
          mainiacjoe_overflow_alcove_1, st_stairs_5
D:5:      layout_cave_pods, kennysheep_generic_room_5, uniq_crazy_yiuf_cottage,
          uniq_ijyb

Skill      XL: |  1  2  3  4  5  6 |
---------------+-------------------+-----
Unarmed Combat | 3 4 5 6 7 |  7.7
Fighting       | |  3.0
Spellcasting   | |  1.0
Fire Magic     | |  2.6

Action                     |  1- 3 |  4- 6 |  7- 9 || total
---------------------------+-------+-------+-------++-------
  Melee: Unarmed           |   131 |   128 |    32 ||   291
         Touch             |    13 |    20 |     2 ||    35
         Punch             |     4 |     3 |     2 ||     9
         Headbutt          |       |     9 |     2 ||    11
    Use: Potion            |     2 |     3 |       ||     5
 Armour: Robe              |    23 |       |       ||    23
         Leather armour    |     8 |    14 |     4 ||    26
         Skin              |       |     4 |       ||     4
  Dodge: Dodged            |    90 |    38 |    15 ||   143
  Block: Other             |       |     6 |     7 ||    13
         Reflection        |       |     1 |       ||     1

Table legend: (Time is in decaauts)
 A = Elapsed time spent in this place.
 B = Non-inter-level travel time spent in this place.
 C = Inter-level travel time spent in this place.
 D = Time resting spent in this place.
 E = Time spent auto-exploring this place.
 F = Levels seen in this place.
 G = Mean time per level.
                   A        B        C        D        E       F      G
               +--------+--------+--------+--------+--------+-----+--------+
         Total |   4274 |   4122 |    152 |   1037 |   2468 |   5 |  854.8 |
       Dungeon |   4274 |   4122 |    152 |   1037 |   2468 |   5 |  854.8 |
               +--------+--------+--------+--------+--------+-----+--------+

Top non-repeatable levels by time:
     D:4: 1499 daAuts
     D:3: 1121 daAuts
     D:1: 1101 daAuts
     D:2: 475 daAuts
     D:5: 78 daAuts
